 Dungeon Crawl Stone Soup version 0.31-a0-246-g8cbcc1cb85 (webtiles) character file.

Game seed: 16579141900469586298

37 qw the Shooter (level 3, -2/29 HPs)
             Began as a Minotaur Hexslinger on July 12, 2023.
             Slain by an orc
             ... wielding a +0 war axe
              (6 damage)
             ... on level 2 of the Dungeon.
             The game lasted 00:00:27 (1461 turns).

qw the Shooter (Minotaur Hexslinger)                Turns: 1461, Time: 00:00:27

Health: -2/29      AC:  3    Str: 12    XL:     3   Next: 21%
Magic:  3/3        EV: 12    Int: 10    God:
Gold:   38         SH:  0    Dex: 14    Spells: 3/4 levels left

rFire   . . .        Y - +1 sling
rCold   . . .        (no shield)
rNeg    . . .        h - +0 leather armour
rPois   .            (helmet restricted)
rElec   .            (no cloak)
rCorr   .            (no gloves)
SInv    .            (no boots)
Will    .....        (no amulet)
Stlth   +            (no ring)
HPRegen 0.24/turn    (no ring)
MPRegen 0.08/turn

%: no passive effects
@: lethally poisoned (-2 -> -9)
A: horns 2, retaliatory headbutt
a: no special abilities


You were on level 2 of the Dungeon.
You visited 1 branch of the dungeon, and saw 2 of its levels.

You collected 38 gold pieces.


Innate Abilities, Weirdness & Mutations

You have a pair of horns on your head.
You reflexively headbutt those who attack you in melee.


   Skills:
 - Level 2.0 Fighting
 + Level 3.8 Ranged Weapons
 - Level 2.1 Dodging
 - Level 1.0 Spellcasting
 - Level 2.0 Hexes


You had 3 spell levels left.
You knew the following spells:

 Your Spells              Type           Power      Damage    Failure   Level
a - Slow                  Hex            16%        N/A       19%         1

Your spell library contained the following spells:

 Spells                   Type           Power      Damage    Failure   Level
 Inner Flame              Hex/Fire       2%         N/A       65%         3
 Portal Projectile        Hex/Tloc       4%         N/A       65%         3
 Cause Fear               Hex            2%         N/A       88%         4

Inventory:

Hand Weapons
 Y - a +1 sling (weapon)
Armour
 h - a +0 leather armour (worn)
Jewellery
 a - an amulet of reflection
Potions
 e - a potion of degeneration {unknown}
 g - a potion of attraction {unknown}
 k - a potion of might
 m - a potion of curing
 n - a potion of lignification {unknown}

Dungeon Overview and Level Annotations

Branches:
Dungeon (2/15)

Altars:


Message History

You feel sick. The adder barely misses you.
You shoot a sling bullet.
The sling bullet closely misses the adder.
You feel sick.
You hear a shout!
The adder barely misses you.
An orc comes into view. It is wielding a +0 dagger.
The orc hits you with a +0 war axe. The adder bites you.
The orc barely misses you.
You shoot a sling bullet.
The sling bullet barely misses the adder.
The sling bullet closely misses the orc.
You feel sick. The adder bites you. The orc barely misses you.
The orc misses you. You furiously retaliate!
You headbutt the orc. The adder bites you but does no damage.
You shoot a sling bullet. The sling bullet hits the orc!
You kill the orc!
You feel sick.
You are no longer poisoned.
The adder bites you.
You are poisoned.
The adder poisons you! The orc barely misses you. You furiously retaliate!
You headbutt the orc. You shoot a sling bullet.
The sling bullet barely misses the adder.
You feel sick. The adder closely misses you. The orc misses you.
The adder closely misses you.
You shoot a sling bullet.
The sling bullet closely misses the adder.
You feel sick. The adder bites you. The orc barely misses you.
The adder bites you but does no damage.
You shoot a sling bullet. The sling bullet hits the adder.
The adder is almost dead.
You feel sick.
You are no longer poisoned.
The orc barely misses you. You furiously retaliate!
You headbutt the orc. The adder bites you.
You are lethally poisoned!
The adder poisons you! The orc hits you with a +0 war axe.
You die...

#.#.. #. #.#.# #. #.#.#
#. #.#.# ## #. #.#.##
..##. #....## ..o
######.....##
#.#.##S#####...........#
......o@..........<.....
###...)...........|.....
#############.........
##.......# ##.....##
##...## #####


You could see an adder and 2 orcs.

Vanquished Creatures
  An orc (D:2)
  2 ball pythons (D:1)
  4 endoplasms
  2 giant cockroaches
  6 goblins
  3 hobgoblins
  2 quokkas (D:1)
  7 bats (D:1)
  3 kobolds (D:1)
30 creatures vanquished.

Notes
Turn   | Place    | Note
-------+----------+-------------------------------------------
     0 | D:1      | qw the Minotaur Hexslinger began the quest for the Orb.
     0 | D:1      | Reached XP level 1. HP: 16/16 MP: 1/1
     0 | D:1      | 0 ||| qw: Version: 0.3-a-52-g30416fa
     0 | D:1      | 0 ||| qw: Game counter: 6303
     0 | D:1      | 0 ||| qw: Melee chars always use a shield: true
     0 | D:1      | 0 ||| qw: God list: Okawaru
     0 | D:1      | 0 ||| qw: Allow faded altars: false
     0 | D:1      | 0 ||| qw: Do Orc after clearing Dungeon:15 true
     0 | D:1      | 0 ||| qw: Do second Lair branch before Depths: true
     0 | D:1      | 0 ||| qw: Lair rune preference: random
     0 | D:1      | 0 ||| qw: Goals: Normal
     0 | D:1      | 0 ||| PLANNING D:1-11
   254 | D:1      | Reached skill level 3 in Ranged Weapons
   254 | D:1      | Reached XP level 2. HP: 18/23 MP: 2/2
   811 | D:1      | 811 ||| FLEEEEING.
  1130 | D:1      | Reached XP level 3. HP: 28/29 MP: 3/3
  1309 | D:1      | 1309 ||| UPGRADING to +0 leather armour.
  1319 | D:1      | 1319 ||| DROPPING +0 robe.
  1320 | D:1      | 1320 ||| DROPPING ring of magical power.
  1321 | D:1      | 1321 ||| READING scroll labelled YNABU BURPH.
  1322 | D:1      | 1322 ||| READING scroll labelled RATSOI ZADD.
  1323 | D:1      | 1323 ||| READING scroll labelled CUTRAS LARI.
  1324 | D:1      | 1324 ||| READING scroll labelled FOACHA MUNU.
  1325 | D:1      | 1325 ||| DRINKING 2 sedimented red potions.
  1326 | D:1      | 1326 ||| DRINKING 2 brown potions.
  1327 | D:1      | 1327 ||| DROPPING scroll of poison.
  1460 | D:2      | HP: 7/29 [poisoned by an adder]
  1461 | D:2      | Slain by an orc

Levels and vault maps discovered:
D:1:      psy_arrival_fountain, layout_basic, serial_aquarium,
          aquarium_bridge_square [aquarium_subvault_bridge,
          aquarium_subvault_wall, aquarium_subvault_balcony,
          aquarium_subvault_bridge], aquarium_window_2, aquarium_window_fake,
          aquarium_window_3, aquarium_view_2d, aquarium_view_2b,
          aquarium_balcony_double_4
D:2:      layout_loops_ring, minmay_pentomino_p2, uniq_natasha

Skill      XL: |  1  2 |
---------------+-------+-----
Ranged Weapons | 3 |  3.8
Fighting       | 2 |  2.0
Dodging        | |  2.1
Spellcasting   | |  1.0
Hexes          | |  2.0

Action                     || total
---------------------------++-------
   Fire: Sling             ||    93
    Use: Scroll            ||     4
         Potion            ||     2
 Armour: Robe              ||     5
         Leather armour    ||     3
  Dodge: Dodged            ||    37

Table legend:
 A = Non-vault XP
 B = Vault XP
 C = Vault XP percentage of total XP
 D = Non-vault monster count
 E = Vault monster count
 F = Vault count percentage of total count
                 A         B        C        D         E       F
            +---------+---------+-------+---------+---------+-------
      Total |      53 |       0 |   0.0 |      30 |       0 |   0.0
            +---------+---------+-------+---------+---------+-------
        D:1 |      41 |       0 |   0.0 |      24 |       0 |   0.0
        D:2 |      12 |       0 |   0.0 |       6 |       0 |   0.0
            +---------+---------+-------+---------+---------+-------
